AoeStats
← 三七开

African Clearing

504639980Analyzed
4v4 RM · 24d ago on Sep 6, 2026· 38m 32s· 8 players
Game mode
Random Map
Map size
Large (8 player)
Population
200
Speed
Normal
Resources
Standard
Victory
Conquest
Starting age
Dark Age
Ending age
Imperial Age
RankedLock teamsTeams togetherTeam positionsShared explorationLock speedFull tech treeHidden civsTurbo modeCheats
Victory
Defeat
🇻🇳 Magyars · Vietnam
1209
+15
🇲🇽 Spanish · Mexico
1204
+15
🇦🇺 Persians · Australia
1204
+15
🇹🇼 Berbers · Taiwan
1145
+17
🇭🇰 Cumans · Hong Kong SAR China
1295
-20
1224
-17
🇭🇰 Chinese · Hong Kong SAR China
1173
-15
🇨🇳 Tupi · China
1026
-15
三七开
2:51 Loom
12:55 Feudal Age
14:14 Town Watch
16:54 Castle Age
15:06 Double-Bit Axe
18:44 Wheelbarrow
18:32 Bow Saw
21:24 Horse Collar
22:14 Scale Mail Armor
25:43 Wheelbarrow
26:08 Fishing Lines
26:52 Gillnets
27:24 Hand Cart
29:11 Fletching
32:25 Imperial Age
30:16 Gold Mining
30:48 Ballistics
31:44 Gold Shaft Mining
31:11 Bodkin Arrow
31:17 Padded Archer Armor
32:16 Stone Mining
33:05 Thumb Ring
33:18 Leather Archer Armor
33:40 Conscription
33:23 Bracer
34:53 Chemistry
35:25 Ring Archer Armor
35:26 Elite Chu Ko Nu
39:29 Coinage
传送nguloko
13:38 Feudal Age
20:11 Castle Age
18:26 Double-Bit Axe
18:37 Stone Mining
18:41 Horse Collar
23:43 Loom
25:58 Bow Saw
33:23 Squires
33:09 Arson
36:27 Heavy Plow
36:17 Gold Mining
36:56 Fletching
37:18 Forging
37:09 Padded Archer Armor
37:13 Champi Runner
以前我带你们游牧
12:50 Feudal Age
11:14 Loom
13:02 Feudal Age
17:09 Castle Age
15:36 Double-Bit Axe
16:03 Horse Collar
16:40 Gold Mining
23:28 Wheelbarrow
23:29 Bow Saw
24:15 Heavy Plow
24:23 Town Watch
25:46 Hand Cart
26:16 Stone Mining
28:50 Gold Shaft Mining
28:36 Squires
28:37 Scale Mail Armor
31:20 Imperial Age
29:31 Stone Shaft Mining
29:54 Chain Mail Armor
29:50 Forging
29:27 Arson
30:41 Grand Trunk Road
32:23 Iron Casting
31:24 Elite Ghulam
32:36 Conscription
34:10 Blast Furnace
36:10 Fletching
37:27 Two-Man Saw
37:47 Ballistics
38:27 Chemistry
37:33 Siege Engineers
37:24 Bodkin Arrow
39:10 Coinage
38:21 Siege Elephant
taki英语课睡觉
2:57 Loom
11:33 Feudal Age
13:40 Double-Bit Axe
15:00 Horse Collar
16:30 Wheelbarrow
22:11 Castle Age
21:21 Forging
21:35 Gold Mining
22:27 Bloodlines
22:28 Scale Barding Armor
26:07 Iron Casting
27:12 Chain Barding Armor
29:02 Heavy Plow
29:05 Stone Mining
35:36 Gold Shaft Mining
39:59 Imperial Age
37:54 Bow Saw
Ky
14:09 Feudal Age
12:52 Loom
20:19 Castle Age
20:15 Bloodlines
20:13 Scale Barding Armor
21:36 Wheelbarrow
21:03 Double-Bit Axe
25:40 Horse Collar
27:30 Husbandry
31:38 Corvinian Army
32:41 Gold Mining
MarKK
13:24 Loom
16:18 Feudal Age
23:40 Castle Age
22:44 Double-Bit Axe
22:49 Horse Collar
25:16 Gold Mining
27:23 Bow Saw
28:12 Fletching
29:24 Kasbah
30:06 Wheelbarrow
29:27 Stone Mining
30:44 Bloodlines
35:03 Bodkin Arrow
35:09 Padded Archer Armor
39:04 Scale Barding Armor
39:09 Forging
Lancelot
5:53 Loom
14:33 Feudal Age
19:15 Castle Age
18:23 Stone Mining
18:26 Gold Mining
18:23 Double-Bit Axe
19:39 Horse Collar
21:51 Bow Saw
21:49 Town Watch
31:58 Wheelbarrow
32:19 Heavy Plow
34:28 Stone Shaft Mining
40:30 Imperial Age
38:18 Hand Cart
Keanoob Reeves
7:49 Loom
13:29 Feudal Age
18:59 Castle Age
17:09 Double-Bit Axe
17:08 Horse Collar
19:46 Bow Saw
19:40 Heavy Plow
30:31 Forging
30:44 Scale Barding Armor
31:14 Husbandry
30:58 Pikeman
31:24 Gambesons
31:39 Squires
31:24 Arson
33:13 Scale Mail Armor
33:48 Iron Casting
34:22 Chain Barding Armor
37:18 Imperial Age
35:25 Chain Mail Armor
35:42 Fletching
36:39 Town Watch
37:30 Wheelbarrow
39:15 Plate Mail Armor
Connection lost

Rejoining the realm…

Still unreachable

The connection could not be restored.

Session expired

The server has moved on; the page needs a fresh start.